 Dungeon Crawl Stone Soup version 0.26-a0-1020-ge47f559bc5 (webtiles) character file.

Game seed: 2438096215024852002

503 Morbidden the Skirmisher (level 6, 49/49 HPs)
             Began as a Demonspawn Fighter on Dec 8, 2020.
             Quit the game on level 4 of the Dungeon.
             The game lasted 00:03:23 (4144 turns).

Morbidden the Skirmisher (Demonspawn Fighter)       Turns: 4144, Time: 00:03:23

Health: 49/49      AC: 10    Str: 17    XL:     6   Next: 96%
Magic:  15/15      EV:  8    Int: 11    God:
Gold:   286        SH:  9    Dex: 12    Spells: 5/5 levels left

rFire    . . .     SeeInvis .   a - +0 long sword
rCold    . . .     Faith    .   c - +0 kite shield
rNeg     . . .     Spirit   .   b - +0 scale mail
rPois    .         Reflect  .   (no helmet)
rElec    .         Harm     .   j - +0 cloak
rCorr    .         Rampage  .   (no gloves)
Will     .....                  (no boots)
Stlth    ..........             (no amulet)
HPRegen  0.16/turn              o - ring of magical power
MPRegen  0.14/turn              (no ring)

@: no status effects
A: iridescent scales 1, powered by death 1
a: no special abilities


You were on level 4 of the Dungeon.
You visited 1 branch of the dungeon, and saw 4 of its levels.

You collected 286 gold pieces.

Inventory:

Hand Weapons
 a - a +0 long sword (weapon)
 t - a +1 vampiric dagger
 x - a +2 dagger of flaming
Armour
 b - a +0 scale mail (worn)
 c - a +0 kite shield (worn)
 j - a +0 cloak (worn)
Jewellery
 o - a ring of magical power (left hand)
Scrolls
 e - 4 scrolls of remove curse {unknown}
 g - 7 scrolls of identify {unknown}
 h - 3 scrolls of amnesia {unknown}
 i - a scroll of enchant weapon {unknown}
 k - 4 scrolls of fog {unknown}
 n - 5 scrolls of teleportation {unknown}
 p - a scroll of immolation {unknown}
 r - a scroll of enchant armour {unknown}
 s - a scroll of fear {unknown}
 v - 4 scrolls of magic mapping {unknown}
Potions
 d - a potion of might
 f - 2 potions of lignification {unknown}
 l - 4 potions of attraction {unknown}
 m - a potion of degeneration {unknown}
 q - a potion of mutation {unknown}
 u - a potion of curing
 w - 2 potions of brilliance {unknown}
 z - a potion of heal wounds {unknown}


   Skills:
 * Level 4.4 Fighting
 + Level 4.0 Long Blades
 + Level 3.9 Armour
 + Level 2.2 Dodging
 + Level 0.1 Stealth
 + Level 3.7 Shields


You had 5 spell levels left.
You didn't know any spells.
Your spell library was empty.

Dungeon Overview and Level Annotations

Branches:
Dungeon (4/15)
 Temple: D:4-7

Altars:
Dithmenos
Elyvilon
Nemelex Xobeh
Xom
The Shining One

Annotations:
D:3 1 runed translucent door


Innate Abilities, Weirdness & Mutations

You are partially covered in iridescent scales. (AC +2)
You regenerate a little health from kills.


Message History

No target in view!
No target in view!
You see here a robe.
Found a stone staircase leading down.
No target in view!
Found an escape hatch in the floor.
No target in view!
Key pressed, stopping explore.
No target in view!
No target in view!
Done exploring.
Key pressed, stopping explore.
No target in view!
Done exploring.
Unknown command.
Save game and exit?
Welcome back, Morbidden the Demonspawn Fighter.
Press ? for a list of commands and other information.
Unknown command.
Are you sure you want to abandon this character and quit the game? (Confirm with "yes".)

###.................##.......##
#...#..........#.##..#.^######
#.####..###...##.###....# #.#
#..##.....#........# #.#
##.#..##....####...# #.#
#....##...#.# #..## ###.#
#.......#.#.# #..#### #...#
#.....###.#.####.....#
#.######..##...#@#.##..(###.#####
#†####.....###...#.##.### #.....#
.........#..###..#....# #####..
.......#.##.###..#..### ###..
.......#.##...#.....# ##...#
......##.####.#.....# ###..###
......##.####....##.## #...##
......#.......##.##..# #.######
......##.##...##.<...#####.##....


There were no monsters in sight!

Vanquished Creatures
  2 scorpions (D:4)
  A water moccasin skeleton (D:4)
  3 orc wizards
  3 worker ants (D:4)
  Terence (D:2)
  2 hound skeletons (D:4)
  6 adders
  2 oozes
  An adder skeleton (D:4)
  A worm (D:2)
  5 dart slugs
  2 leopard geckos
  6 orcs
  2 giant cockroaches
  8 hobgoblins
  3 jackals (D:4)
  A quokka (D:2)
  5 bats
  6 frilled lizards
  7 goblins
  5 kobolds
  A quokka skeleton (D:4)
  6 rats
79 creatures vanquished.

Notes
Turn   | Place    | Note
-------+----------+-------------------------------------------
     0 | D:1      | Morbidden the Demonspawn Fighter began the quest for the
                  | Orb.
     0 | D:1      | Reached XP level 1. HP: 18/18 MP: 1/1
   107 | D:1      | Gained mutation: You regenerate a little health from kills.
                  | [demonic ancestry]
   107 | D:1      | Reached XP level 2. HP: 24/24 MP: 2/2
   996 | D:2      | Gained mutation: You are partially covered in iridescent
                  | scales. (AC +2) [demonic ancestry]
   996 | D:2      | Reached XP level 3. HP: 29/29 MP: 3/3
  1022 | D:2      | Found a sparkling altar of Nemelex Xobeh.
  1022 | D:2      | Found a glowing golden altar of the Shining One.
  1360 | D:2      | Reached skill level 1 in Dodging
  1434 | D:2      | Reached XP level 4. HP: 25/35 MP: 4/4
  1608 | D:2      | Found a white marble altar of Elyvilon.
  1669 | D:2      | Found a shadowy altar of Dithmenos.
  2008 | D:2      | Noticed Terence
  2023 | D:2      | Killed Terence
  2281 | D:3      | Found a shimmering altar of Xom.
  2419 | D:3      | Found a white marble altar of Elyvilon.
  2419 | D:3      | Found a runed translucent door.
  2419 | D:3      | Noticed an angel
  2629 | D:3      | Reached XP level 5. HP: 29/42 MP: 5/5
  3019 | D:3      | Found a faded altar of an unknown god.
  3384 | D:4      | Reached XP level 6. HP: 48/48 MP: 6/6
  4144 | D:4      | Quit the game

Illustrated notes

Levels and vault maps discovered:
D:1:      shiori_shiawase, layout_loops_corners, st_stairs_8,
          minmay_pentomino_r2
D:2:      layout_loops_ring, lemuel_doored_altar,
          gammafunk_temple_overflow_pools, elyvilon_altar_5, item_on_display_a,
          uniq_terence
D:3:      layout_basic, lemuel_coloured_pillars_altar,
          chequers_ecumenical_altar_simple_redux, lemuel_angel_altar
D:4:      layout_rooms

Skill      XL: |  1  2  3  4  5  6 |
---------------+-------------------+-----
Shields        | 3 |  3.7
Long Blades    | 2 3 4 |  4.0
Armour         | 3 |  3.9
Dodging        | 1 2 |  2.2
Fighting       | 4 |  4.4
Stealth        | |  0.1

Action                   |  1- 3 |  4- 6 || total
-------------------------+-------+-------++-------
Melee: Long sword        |   131 |   248 ||   379
  Use: Potion            |     1 |       ||     1
Armor: Scale mail        |    61 |   116 ||   177
Dodge: Dodged            |    63 |    65 ||   128
Block: Kite shield       |    67 |    99 ||   166
       Rpst.: Long sword |    18 |    16 ||    34

Table legend: (Time is in decaauts)
 A = Elapsed time spent in this place.
 B = Non-inter-level travel time spent in this place.
 C = Inter-level travel time spent in this place.
 D = Time resting spent in this place.
 E = Time spent auto-exploring this place.
 F = Levels seen in this place.
 G = Mean time per level.
                   A        B        C        D        E       F      G
               +--------+--------+--------+--------+--------+-----+--------+
         Total |   4271 |   4102 |    169 |    195 |   3155 |   4 | 1067.8 |
       Dungeon |   4271 |   4102 |    169 |    195 |   3155 |   4 | 1067.8 |
               +--------+--------+--------+--------+--------+-----+--------+

Top non-repeatable levels by time:
     D:2: 1282 daAuts
     D:4: 1025 daAuts
     D:1: 986 daAuts
     D:3: 976 daAuts
